Map: Ley Lines

Players

jeannysu

  • Race: Protoss Protoss
  • Spawn Location: 7:00

치터 칸 (자원) - Winner!

  • Race: Terran Terran
  • Spawn Location: 1:00

VOD

Have the link to the VOD?

Description

Time

  • Played on: Sept. 5, 2025, 5:54 a.m.
  • Length: 11:17
Show
View Real Time Build Order
Export as new Build Order

jeannysu Protoss 

Build Orders: Blink Stalkers, Zealot Archon 

Get SALT Encoding   

  12  0:01  Probe  
  13  0:15  Pylon  
  13  0:17  Probe  
  14  0:29  Probe  
  15  0:36  Gateway  
  15  0:41  Assimilator  
  15  0:44  Probe  
  16  0:56  Probe  
  17  1:08  Probe  
  18  1:16  Pylon, Probe  
  18  1:24  Probe  
  19  1:26  Zealot  
  22  1:34  Probe  
  22  1:36  Cybernetics Core  
  23  1:52  Warp Gate  
  23  2:02  Nexus  
  23  2:11  Pylon  
  23  2:22  Assimilator  
  23  2:36  Twilight Council  
  23  2:42  Assimilator  
  23  2:46  Shield Battery  
  23  2:49  Shield Battery  
  23  2:53  Probe  
  24  3:05  Probe  
  25  3:06  Stalker  
  27  3:17  Probe, Blink  
  28  3:29  Gateway  
  28  3:37  Gateway  
  28  3:40  Probe  
  29  3:42  Probe  
  30  3:50  Probe  
  30  3:55  Probe  
  32  3:58  Probe  
  33  4:05  Sentry  
  33  4:07  Probe  
  36  4:10  Probe  
  37  4:22  Probe  
  38  4:26  Templar Archives  
  38  4:30  Pylon  
  38  4:32  Probe  
  38  4:34  Probe  
  38  4:38  Sentry  
  42  4:43  Probe  
  43  4:46  Probe  
  43  4:48  Stalker x2  
  43  4:51  Probe  
  48  4:54  Probe  
  48  4:59  Probe  
  50  5:02  Probe  
  52  5:09  Stalker  
  52  5:10  Probe  
  52  5:11  Charge  
  52  5:12  Probe  
  52  5:13  Stalker x2  
  60  5:43  Probe x2  
  60  5:45  Assimilator  
  62  5:51  Gateway  
  62  5:52  Gateway  
  62  5:54  Psionic Storm, Gateway  
  62  5:56  Gateway  
  62  5:57  Gateway  
  62  6:00  Gateway  
  62  6:01  Gateway  
  62  6:08  Pylon  
  62  6:12  Pylon  
  62  6:15  Pylon  
  62  6:24  Pylon  
  62  6:26  Forge  
  62  6:27  Forge  
  62  6:35  Zealot x2  
  62  6:36  Zealot  
  68  6:47  Nexus  
  68  6:55  High Templar x3  
  68  6:56  High Templar  
  76  7:04  Pylon  
  76  7:14  Protoss Ground Armor Level 1, Protoss Ground Weapons Level 1  
  76  7:17  Robotics Facility  
  76  7:30  Zealot x5  
  73  7:51  Archon  
  47  7:59  Zealot x3  
  47  8:00  Zealot x6  
  47  8:01  Zealot  
  47  8:04  Warp Prism  
  69  8:24  Nexus  
  69  8:27  Sentry  
  69  8:28  Sentry x2  
  69  8:33  Pylon  
  75  8:41  Pylon  
  75  8:43  Pylon  
  75  8:45  Pylon  
  75  8:55  Stalker x2  
  79  9:01  Observer  
  80  9:11  Robotics Bay  
  80  9:18  Robotics Facility  
  80  9:21  Robotics Facility  
  80  9:23  Observer  
  81  9:30  Probe x2  
  83  9:42  Probe x2  
  85  9:47  High Templar x2  
  85  9:48  High Templar  
  91  9:54  Probe x2  
  92  10:03  Stalker  
  92  10:04  Stalker x2  
  92  10:06  Probe x2  
  100  10:09  Stalker  
  100  10:10  Stalker  
  104  10:17  Observer  
  104  10:18  Probe x2  
  107  10:25  Assimilator  
  107  10:26  Assimilator  
  107  10:28  Probe  
  107  10:30  Probe  
  107  10:31  Probe  
  116  10:40  Probe  
  118  10:42  Probe  
  118  10:47  Stalker  
  118  10:48  Stalker  
  122  10:51  Zealot x4  
Show
View Real Time Build Order
Export as new Build Order

치터 칸 (자원) Terran - Winner!

Build Orders:  

Get SALT Encoding   

  12  0:00  SCV  
  13  0:13  SCV  
  14  0:18  Supply Depot  
  14  0:25  SCV  
  15  0:30  Refinery  
  15  0:40  SCV  
  16  0:47  Barracks  
  16  0:52  SCV  
  17  1:04  SCV  
  17  1:08  Supply Depot  
  18  1:16  SCV  
  19  1:28  SCV  
  20  1:35  Marine  
  20  1:37  Factory  
  21  1:41  Barracks  
  21  1:42  SCV  
  22  1:53  Marine  
  23  1:54  SCV  
  24  2:07  Orbital Command  
  24  2:12  Barracks Tech Lab  
  24  2:18  Supply Depot  
  24  2:21  Hellion  
  26  2:32  Concussive Shells  
  26  2:34  Marauder  
  26  2:35  Barracks Tech Lab  
  28  2:42  Hellion  
  30  2:52  Supply Depot  
  30  2:54  Marauder  
  30  2:55  Marauder  
  34  3:04  Hellion  
  36  3:16  Marauder x2  
  36  3:17  Supply Depot  
  40  3:25  Hellion  
  42  3:37  Marauder  
  42  3:38  Marauder  
  46  3:43  Supply Depot  
  46  3:45  SCV  
  46  3:46  Hellion  
  49  3:50  Refinery  
  49  3:58  Marauder, Marine  
  52  4:08  Stimpack  
  52  4:12  Barracks, SCV  
  52  4:16  Marine  
  54  4:24  Command Center, SCV  
  54  4:26  Marine  
  56  4:34  Marine  
  56  4:36  SCV  
  56  4:37  Supply Depot  
  58  4:44  Marine  
  59  4:46  Engineering Bay  
  59  4:52  Marine  
  60  5:02  Marine  
  60  5:03  Marine  
  62  5:09  Engineering Bay  
  62  5:10  Marine  
  62  5:12  Terran Infantry Weapons Level 1  
  63  5:20  Marine  
  64  5:21  Barracks Reactor  
  64  5:25  Supply Depot, Combat Shield  
  66  5:28  Marauder  
  66  5:35  Terran Infantry Armor Level 1  
  66  5:37  Marine, SCV x2  
  69  5:49  SCV  
  72  5:50  Marauder, SCV  
  73  6:00  Marine, Factory Tech Lab  
  73  6:01  SCV  
  73  6:02  SCV  
  76  6:08  Missile Turret  
  76  6:11  Command Center  
  76  6:13  SCV  
  76  6:17  Orbital Command  
  77  6:21  Siege Tank  
  77  6:25  SCV  
  81  6:30  Armory  
  81  6:37  SCV  
  84  6:40  Marauder  
  84  6:42  SCV  
  84  6:44  Supply Depot  
  85  6:48  Marauder  
  85  6:49  SCV  
  88  6:54  SCV, Armory  
  91  7:01  Marauder, SCV  
  91  7:07  SCV  
  93  7:09  Supply Depot  
  93  7:10  Marauder  
  93  7:13  SCV  
  96  7:17  Siege Tank  
  96  7:18  Terran Vehicle Weapons Level 1  
  96  7:19  SCV  
  96  7:22  Refinery  
  102  7:23  Marauder, SCV  
  102  7:25  SCV  
  104  7:31  Marauder, SCV  
  104  7:35  Supply Depot, SCV  
  108  7:38  SCV  
  108  7:42  Terran Vehicle And Ship Armor Level 1  
  108  7:43  SCV  
  106  7:44  Marauder, Refinery  
  106  7:45  Marine  
  106  7:46  Marine  
  106  7:49  Siege Tank  
  106  7:50  SCV  
  106  7:51  SCV  
  89  7:52  Marauder  
  89  7:55  SCV  
  90  7:58  Refinery  
  90  8:02  SCV  
  90  8:03  Marine  
  90  8:04  Marine  
  95  8:05  Marauder  
  95  8:07  SCV  
  95  8:08  SCV  
  97  8:13  Terran Infantry Weapons Level 2  
  97  8:14  Marauder, Missile Turret, SCV  
  97  8:19  SCV  
  101  8:20  Marine  
  101  8:21  Siege Tank, SCV  
  101  8:26  Marine, SCV  
  108  8:27  Marine  
  108  8:28  Barracks  
  108  8:31  Starport, SCV  
  108  8:33  Orbital Command  
  110  8:35  Marine  
  110  8:38  Marine, SCV  
  113  8:44  Command Center  
  113  8:47  Marine  
  113  8:48  SCV  
  115  8:50  SCV  
  115  8:51  Marine  
  115  8:55  Marine  
  118  8:56  Supply Depot  
  118  8:57  Marine  
  118  9:00  SCV  
  118  9:02  SCV x2  
  122  9:04  Marine  
  122  9:07  Missile Turret  
  122  9:09  Missile Turret, Starport Reactor  
  123  9:10  Marine  
  123  9:12  SCV  
  123  9:13  Marine  
  123  9:14  SCV  
  123  9:15  Siege Tank  
  130  9:21  Supply Depot  
  130  9:32  Missile Turret  
  130  9:35  Factory  
  130  9:38  Starport, Hi-Sec Auto Tracking  
  130  9:45  Medivac x2  
  134  9:46  Supply Depot  
  134  9:48  Siege Tank  
  134  9:49  Marauder x2  
  134  9:52  Missile Turret  
  141  9:57  SCV x3  
  144  10:00  Planetary Fortress  
  144  10:10  Marauder x2  
  148  10:14  Missile Turret  
  148  10:15  Starport Tech Lab, Medivac x2  
  148  10:18  Missile Turret  
  148  10:20  Widow Mine  
  148  10:21  Supply Depot, Widow Mine  
  156  10:22  Refinery  
  156  10:23  Command Center  
  156  10:25  Refinery  
  156  10:26  Missile Turret  
  156  10:29  Missile Turret  
  156  10:31  Marauder, Barracks  
  156  10:32  Barracks Tech Lab  
  158  10:36  Raven, Marine  
  158  10:39  Refinery  
  158  10:41  Widow Mine  
  158  10:42  Marine x2  
  164  10:44  Supply Depot, Factory Tech Lab  
  164  10:49  Missile Turret  
  165  10:52  Marine  
  165  10:53  Marine  
  170  11:02  Missile Turret  
  170  11:03  Missile Turret  
  179  11:08  Supply Depot  
Tags
 
Add a new tag
Caveats
  • Supply blocks, unpowered buildings, or Contaminate may cause inaccurate times.
  • Supply counts are checked every 10 seconds.